 Dungeon Crawl Stone Soup version 0.21.1-1-g345015f (webtiles) character file.

48 inc the Vexing (level 3, 14/14 HPs)
             Began as a Felid Enchanter on Mar 11, 2018.
             Quit the game on level 3 of the Dungeon.
             The game lasted 00:05:21 (4039 turns).

inc the Vexing (Felid Enchanter)                    Turns: 4039, Time: 00:05:22

Health: 14/14      AC:  1    Str:  2    XL:     3   Next: 50%
Magic:  7/7        EV: 18    Int: 17    God:
Gold:   202        SH:  0    Dex: 16    Spells: 0/6 levels left
                                        Lives:  0   Deaths: 1

rFire    . . .     SeeInvis +     - Unarmed
rCold    . . .     Gourm    .   (shield unavailable)
rNeg     . . .     Faith    .   (armour unavailable)
rPois    .         Spirit   .   (helmet unavailable)
rElec    .         Reflect  .   (cloak unavailable)
rCorr    .         Harm     .   (gloves unavailable)
MR       .....                  (boots unavailable)
Stlth    +++.......             (no amulet)
HPRegen  0.04/turn              h - -2 ring of strength (curse)
MPRegen  0.10/turn              (no ring)

@: quick
A: very small, no armour, no weapons or thrown items, stealth, claws 1, fangs 3,
see invisible, carnivore, speed 1, mutation resistance 1, shaggy fur 1, slow
metabolism 1, sharp paws
a: no special abilities


You were on level 3 of the Dungeon.
You were not hungry.

You visited 1 branch of the dungeon, and saw 5 of its levels.

You collected 202 gold pieces.

Inventory:

Jewellery
 g - an uncursed ring of flight
 h - a cursed -2 ring of strength (left paw)
 i - an uncursed ring of teleportation
 o - an uncursed ring of fire
Scrolls
 e - 3 scrolls of teleportation
 f - 2 scrolls of magic mapping
 l - a scroll of identify
 p - a scroll of amnesia {unknown}
 q - a scroll of blinking
 r - a scroll of fear {unknown}
Potions
 d - a potion of degeneration
 j - 2 potions of brilliance {unknown}
 k - a potion of heal wounds
 m - a potion of flight
 n - a potion of might {unknown}
Books
 a - a book of Maledictions

   Spells                             Type                      Level
   a - Corona                         Hexes                        1
   b - Ensorcelled Hibernation        Hexes/Ice                    2
   c - Confuse                        Hexes                        3
   d - Tukima's Dance                 Hexes                        3
   e - Dazzling Spray                 Conjuration/Hexes            3
Comestibles
 b - 5 rations


   Skills:
 - Level 2.6 Dodging
 - Level 4.0 Stealth
 - Level 4.2 Unarmed Combat
 - Level 2.0 Spellcasting
 + Level 4.5 Hexes
 + Level 0.3 Ice Magic


You couldn't memorise any spells.
You knew the following spells:

 Your Spells              Type           Power        Failure   Level  Hunger
a - Corona                Hex            ###....      3%          1    #......
b - Ensorcelled Hibernat  Hex/Ice        ##....       11%         2    ###....
c - Confuse               Hex            ###.....     9%          3    ###....


Dungeon Overview and Level Annotations

Branches:
Dungeon (5/15)
 Temple: D:4-7

Altars:
Ashenzari

Annotations:
D:3 Sigmund


Innate Abilities, Weirdness & Mutations

You cannot wear armour.
You are incapable of wielding weapons or throwing items.
Your paws allow you to move quietly. (Stealth)
You have sharp claws.
You have razor-sharp teeth.
You have supernaturally acute eyesight. (SInv)
You are carnivorous and can eat meat at any time.
You cover ground quickly.
You are covered in fur. (AC +1)
You have a slow metabolism.
Your sharp claws are effective at attacking unaware monsters.
You are somewhat resistant to further mutation.


Message History

Press: ? - help, Shift-Dir - straight line, f/p - orc priest
Aim: an orc priest, wearing a chain mail (chance to defeat MR: 41%)
The orc priest looks drowsy...
You are feeling hungry.
The helpless orc priest fails to defend itself.
You claw the orc priest!
The orc priest is almost dead.
The orc priest barely misses you.
Casting: Ensorcelled Hibernation
Confirm with . or Enter, or press ? or * to list all spells.
Aiming: Ensorcelled Hibernation
Press: ? - help, Shift-Dir - straight line, f - orc, p - orc priest
Aim: an orc, wielding a dagger (chance to defeat MR: 59%)
The orc looks drowsy...
The orc priest hits you.
You die...
You are now level 3!
You rejoin the land of the living...
You feel extremely strange.
You feel genetically stable.
Are you sure you want to abandon this character and quit the game? (Confirm with "yes".)

#.# #.# ###.##### #.# ........#
#.# .#..###(# #.# ######### #
#...###.###.##### #.......####
.....##.........# # #.........
#...........###.## ##.#.###.####
##.##########....# #..)......# #
##.# #...#.#.@# #.#.......# .#.#
###...#.#..# #.###.##.## .#'##
#.......#..# #.# #.##.#
.#..###..........# #.# #.##.#
##...##.....).##.# #[# #.##.# #
#.....###.....##.# #.# #.#..# ##
>......##.....##.###.###....####.
.......'.......................'.
.......###....##########....####.


There were no monsters in sight!

Vanquished Creatures
  A worker ant (D:3)
  2 adders
  3 dart slugs (D:1)
  A leopard gecko (D:1)
  7 orcs
  2 bats (D:1)
  6 giant cockroaches
  3 goblins
  3 hobgoblins
  5 jackals
  A quokka (D:4)
  3 frilled lizards
  3 kobolds
  6 rats
46 creatures vanquished.

Notes
Turn   | Place    | Note
-------+----------+-------------------------------------------
     0 | D:1      | inc the Felid Enchanter began the quest for the Orb.
     0 | D:1      | Reached XP level 1. HP: 7/7 MP: 4/4
   355 | D:1      | Reached XP level 2. HP: 10/11 MP: 6/6
  1368 | D:2      | Reached XP level 3. HP: 14/14 MP: 7/7
  1688 | D:2      | Learned a level 2 spell: Ensorcelled Hibernation
  1692 | D:2      | Learned a level 3 spell: Confuse
  2686 | D:3      | Reached XP level 4. HP: 18/18 MP: 3/8
  2815 | D:3      | Noticed Sigmund
  3394 | D:3      | Found a shattered altar of Ashenzari.
  3618 | D:5      | Entered Level 5 of the Dungeon
  4037 | D:3      | Slain by an orc priest
  4038 | D:3      | Reached XP level 3. HP: -1/14 MP: 0/7
  4038 | D:3      | Gained mutation: You are somewhat resistant to further mutation. [potion of mutation]
  4039 | D:3      | Quit the game

Skill      XL: |  1  2  3 |
---------------+----------+-----
Unarmed Combat | 2 3 4 |  4.2
Dodging        | |  2.6
Stealth        | |  4.0
Spellcasting   | |  2.0
Hexes          | |  4.5
Ice Magic      | |  0.3

Action                   |  1- 3 |  4- 6 || total
-------------------------+-------+-------++-------
Melee: Unarmed           |   109 |    25 ||   134
       Bite              |    10 |     2 ||    12
       Punch             |     1 |     1 ||     2
 Cast: Ensorcelled Hiber |     5 |    20 ||    25
  Use: Scroll            |    10 |       ||    10
       Potion            |     2 |       ||     2
 Stab: Sleeping          |    14 |     8 ||    22
  Eat: Chunk             |     5 |     1 ||     6
Armor: Skin              |     7 |       ||     7
Dodge: Dodged            |    81 |    25 ||   106
